 Dungeon Crawl Stone Soup version 0.31-a0-844-gdc52ec4e09 (webtiles) character file.

Game seed: 9822753766806001233

5756 pokeman the Thaumaturge (level 10, -3/56 HPs)
             Began as a Deep Elf Hedge Wizard on Sept 30, 2023.
             Was an Elder of Vehumet.
             Killed from afar by a gargoyle (18 damage)
             ... with a stone arrow
             ... on level 10 of the Dungeon.
             The game lasted 00:23:01 (9414 turns).

pokeman the Thaumaturge (Deep Elf Hedge Wizard)     Turns: 9414, Time: 00:23:01

Health: -3/56      AC:  8    Str:  7    XL:     10   Next: 49%
Magic:  8/29       EV: 16    Int: 24    God:    Vehumet [****..]
Gold:   517        SH:  0    Dex: 14    Spells: 14/36 levels left

rFire   + . .        o - +4 whip "Ungucruss" {vamp, rF+ SInv}
rCold   . . .        (no shield)
rNeg    . . .        F - +0 acid dragon scales
rPois   .            l - +1 helmet
rElec   .            (no cloak)
rCorr   +            (no gloves)
SInv    +            (no boots)
Will    +....        p - amulet of magic regeneration
Stlth   ++           x - +5 ring of evasion
HPRegen 0.29/turn    (no ring)
MPRegen 0.61/turn

%: no passive effects
@: on blink cooldown
A: no striking features
a: Renounce Religion


You were on level 10 of the Dungeon.
You worshipped Vehumet.
Vehumet was greatly pleased with you.
You visited 1 branch of the dungeon, and saw 10 of its levels.

You collected 517 gold pieces.

Inventory:

Hand Weapons
 o - the +4 whip "Ungucruss" (weapon) {vamp, rF+ SInv}
   (You took it off a hobgoblin on level 2 of the Dungeon)

   rF+:       It protects you from fire.
   SInv:      It lets you see invisible.
 P - a +2 short sword of venom
Missiles
 r - 3 throwing nets
Armour
 l - a +1 helmet (worn)
 n - a +0 buckler
 F - +0 acid dragon scales (worn)
 L - a +0 pair of gloves
 S - a +1 robe of cold resistance
Jewellery
 p - an amulet of magic regeneration (around neck)
 v - a ring of see invisible
 x - a +5 ring of evasion (left hand)
 K - an amulet of faith
 Q - a +5 ring of evasion
 R - a ring of ice
Wands
 b - a wand of charming (11)
 I - a wand of roots (5)
 M - a wand of flame (14)
 N - a wand of digging (6)
Scrolls
 a - a scroll of blinking {unknown}
 f - a scroll of enchant armour {unknown}
 h - 9 scrolls of identify {unknown}
 i - a scroll of fog {unknown}
 q - a scroll of teleportation {unknown}
 s - a scroll of silence {unknown}
 t - a scroll of amnesia {unknown}
 u - a scroll of noise {unknown}
 y - a scroll of fear {unknown}
 D - a scroll of vulnerability {unknown}
 E - a scroll of summoning {unknown}
 G - a scroll of brand weapon {unknown}
 H - a scroll of immolation {unknown}
 J - 3 scrolls of enchant weapon {unknown}
Potions
 c - a potion of resistance {unknown}
 d - a potion of magic
 e - a potion of invisibility {unknown}
 g - a potion of heal wounds {unknown}
 j - 5 potions of lignification {unknown}
 k - 2 potions of berserk rage {unknown}
 m - a potion of might {unknown}
 w - a potion of cancellation {unknown}
 z - a potion of enlightenment {unknown}
 A - a potion of brilliance {unknown}
 B - a potion of ambrosia {unknown}
 C - 2 potions of attraction {unknown}
 O - a potion of mutation {unknown}


   Skills:
 + Level 3.3 Fighting
 - Level 3.0 Armour
 - Level 3.0 Dodging
 - Level 3.0 Stealth
 - Level 3.1 Shields
 * Level 13.5 Spellcasting
 + Level 7.6 Conjurations
 - Level 1.1 Summonings
 - Level 1.1 Translocations
 + Level 6.9 Fire Magic
 - Level 1.3 Ice Magic
 - Level 1.0 Air Magic
 - Level 1.0 Poison Magic
 - Level 1.0 Evocations


You had 14 spell levels left.
You knew the following spells:

 Your Spells              Type           Power      Damage    Failure   Level
a - Magic Dart            Conj           100%       1d8       1%          1
b - Mephitic Cloud        Conj/Pois/Air  31%        N/A       1%          3
c - Call Imp              Summ           42%        N/A       6%          2
d - Blink                 Tloc           42%        N/A       6%          2
e - Flame Wave            Conj/Fire      50%        2d12      1%          4
f - Freezing Cloud        Conj/Ice/Air   16%        6-21      13%         5
g - Iskenderun's Battles  Conj           52%        2d10      2%          5

Your spell library contained the following spells:

 Spells                   Type           Power      Damage    Failure   Level
 Poisonous Vapours        Pois/Air       42%        N/A       1%          2
 Scorch                   Fire           98%        2d9       1%          2
 Volatile Blastmotes      Fire/Tloc      70%        2d15      1%          3
 Iskenderun's Mystic Bla  Conj/Tloc      37%        2d9       3%          4
 Fulminant Prism          Conj/Hex       17%        3d10      4%          4
 Slow                     Hex            64%        N/A       7%          1
 Cigotuvi's Dreadful Rot  Necr/Pois/Air  38%        N/A       8%          2
 Call Canine Familiar     Summ           21%        N/A       13%         3
 Sigil of Binding         Hex            16%        N/A       21%         3
 Summon Ice Beast         Ice/Summ       22%        N/A       36%         4
 Manifold Assault         Tloc           21%        N/A       38%         4
 Dimensional Bullseye     Hex/Tloc       9%         N/A       45%         4
 Leda's Liquefaction      Hex/Erth       8%         N/A       54%         4
 Summon Mana Viper        Hex/Summ       18%        N/A       82%         5
 Dispersal                Tloc           10%        N/A       100%        6
 Summon Cactus Giant      Summ           10%        N/A       100%        6
 Monstrous Menagerie      Summ           10%        N/A       100%        7
 Disjunction              Tloc           10%        N/A       100%        8


Dungeon Overview and Level Annotations

Branches:
Dungeon (10/15)            Temple (0/1) D:4            Lair (0/5) D:10
    Orc: D:9-12

Altars:
Ru
Trog
Vehumet
Xom

Shops:
D:6 ([

Portals:
Abyss: D:5

Annotations:
D:5 2 transporters, Splishie's ghost, novice GnSh
D:9 2 transporters, Joey1's ghost, journeyman MiBe


Message History

The gargoyle is severely damaged.
Your battlesphere fires!
The barrage of energy hits the gargoyle.
The gargoyle is almost destroyed.
The gargoyle hurls a stone arrow at you.
The stone arrow misses you.
Casting: Magic Dart (safe; 1% risk of failure)
Confirm with . or Enter, or press ? or * to list all spells.
Aiming: Magic Dart (safe; 1% risk of failure)
Press: ? - help, Shift-Dir - straight line, f/p - gargoyle
Aim: a gargoyle, wielding a +0 mace (almost destroyed, ally target, 100% to hit)
The magic dart hits the gargoyle but does no damage.
The gargoyle is almost destroyed.
Your battlesphere fires!
The barrage of energy hits the gargoyle but does no damage.
The gargoyle is almost destroyed.
The gargoyle barely misses you.
Unknown command.
Casting: Magic Dart (safe; 1% risk of failure)
Confirm with . or Enter, or press ? or * to list all spells.
Aiming: Magic Dart (safe; 1% risk of failure)
Press: ? - help, Shift-Dir - straight line, f/p - gargoyle
Aim: a gargoyle, wielding a +0 mace (almost destroyed, ally target, 100% to hit)
The magic dart hits the gargoyle but does no damage.
The gargoyle is almost destroyed.
Your battlesphere fires!
The barrage of energy hits the gargoyle but does no damage.
The gargoyle is almost destroyed.
Your battlesphere expends the last of its energy and dissipates.
The gargoyle hits you with a +0 mace.
* * * LOW HITPOINT WARNING * * *
Casting: Magic Dart (safe; 1% risk of failure)
Confirm with . or Enter, or press ? or * to list all spells.
You blink.
Found an opal ring.
Casting: Blink (safe; 6% risk of failure)
Confirm with . or Enter, or press ? or * to list all spells.
You conjure a globe of magical energy.
The gargoyle hurls a stone arrow at you.
The stone arrow hits you!!
You die...

###### ### ####.....#
....##........#
........*......
..................
..........@.......
..................
#...##...........
................ ####
#..9#)......... ...#
###..............
...###
#....)§.......=..
.....#
#................
.....###.....○?......


You could see a gargoyle and a friendly battlesphere.

Vanquished Creatures
  Fannar (D:10)
  Joseph (D:9)
  2 trolls
  2 wraiths
  2 steam dragons (D:9)
  A water moccasin (D:8)
  2 acid dragons
  2 orc warriors
  Pargi (D:3)
  4 centaurs
  2 kobold brigands
  2 bullfrogs (D:7)
  4 scorpions
  A gnoll sergeant (D:9)
  11 wights
  11 killer bees
  2 electric eels (D:8)
  6 howler monkeys
  3 hounds
  4 orc priests
  3 jellies
  2 gnoll boudas
  7 iguanas
  7 orc wizards
  17 gnolls
  5 adders
  2 white imps
  An ufetubus (D:6)
  3 worms
  2 dart slugs
  19 orcs
  6 bats
  11 endoplasms
  3 giant cockroaches
  6 goblins
  8 hobgoblins
  3 jackals (D:5)
  13 kobolds
  4 quokkas
  11 ball pythons
  3 frilled lizards
  2 rats
202 creatures vanquished.

Vanquished Creatures (collateral kills)
  A gnoll sergeant (D:5)
  A sleepcap (D:4)
2 creatures vanquished.

Grand Total: 204 creatures vanquished

Notes
Turn   | Place    | Note
-------+----------+-------------------------------------------
     0 | D:1      | pokeman the Deep Elf Hedge Wizard began the quest for the
                  | Orb.
     0 | D:1      | Reached XP level 1. HP: 10/10 MP: 7/7
   216 | D:1      | Reached XP level 2. HP: 16/16 MP: 6/9
   653 | D:1      | Reached skill level 5 in Spellcasting
   910 | D:1      | Reached XP level 3. HP: 20/20 MP: 5/11
   914 | D:1      | Learned a level 3 spell: Mephitic Cloud
   917 | D:1      | Learned a level 2 spell: Call Imp
   920 | D:1      | Learned a level 2 spell: Blink
  1558 | D:2      | Found a radiant altar of Vehumet.
  1573 | D:2      | Became a worshipper of Vehumet
  1598 | D:2      | Reached skill level 1 in Fighting
  1598 | D:2      | Reached skill level 1 in Armour
  1754 | D:2      | Identified the +4 whip "Ungucruss" {vamp, rF+ SInv}
  2136 | D:2      | Reached XP level 4. HP: 25/25 MP: 9/13
  2506 | D:3      | Learned a level 4 spell: Flame Wave
  2570 | D:3      | Reached * piety under Vehumet
  2570 | D:3      | Offered knowledge of Shock by Vehumet.
  2574 | D:3      | Reached skill level 6 in Spellcasting
  2574 | D:3      | Reached XP level 5. HP: 29/29 MP: 9/15
  2576 | D:3      | Noticed Pargi
  2599 | D:3      | Killed Pargi
  2600 | D:3      | Reached skill level 1 in Shields
  3144 | D:4      | Reached XP level 6. HP: 24/34 MP: 15/17
  3418 | D:4      | Reached skill level 7 in Spellcasting
  3418 | D:4      | Reached skill level 1 in Poison Magic
  3483 | D:4      | Found a staircase to the Ecumenical Temple.
  3575 | D:4      | Reached skill level 1 in Fire Magic
  3575 | D:4      | Reached skill level 1 in Air Magic
  3729 | D:4      | Found a bloodstained altar of Trog.
  4031 | D:5      | Entered Level 5 of the Dungeon
  4097 | D:5      | Noticed a troll
  4130 | D:5      | Noticed an acid dragon
  4136 | D:5      | HP: 1/34 [poisoned by a scorpion]
  4522 | D:5      | Found a transporter.
  4535 | D:5      | Noticed a small abomination
  4557 | D:5      | Reached XP level 7. HP: 30/38 MP: 17/20
  4571 | D:5      | Reached ** piety under Vehumet
  4571 | D:5      | Offered knowledge of Freeze by Vehumet.
  4628 | D:5      | Found a transporter.
  4835 | D:5      | Noticed Splishie's ghost (novice GnSh)
  4841 | D:5      | Found a one-way gate to the infinite horrors of the Abyss.
  5169 | D:5      | Reached skill level 8 in Spellcasting
  5327 | D:6      | Found Orchy's Armour Shoppe.
  5355 | D:6      | Noticed a +0 triple sword
  5367 | D:6      | Found Rurih's Weapon Boutique.
  5371 | D:6      | Noticed a +0 giant spiked club
  5592 | D:6      | Reached XP level 8. HP: 6/44 MP: 14/22
  5656 | D:6      | Reached skill level 9 in Spellcasting
  5786 | D:6      | Found a shimmering altar of Xom.
  6278 | D:5      | Killed a troll
  6279 | D:5      | Reached skill level 5 in Conjurations
  6552 | D:5      | Reached skill level 10 in Spellcasting
  6912 | D:7      | Offered knowledge of Volatile Blastmotes by Vehumet.
  6945 | D:7      | Reached XP level 9. HP: 48/48 MP: 19/25
  7003 | D:7      | Reached skill level 1 in Evocations
  7014 | D:7      | Reached *** piety under Vehumet
  7068 | D:7      | Reached skill level 11 in Spellcasting
  7485 | D:8      | Reached skill level 5 in Fire Magic
  7686 | D:8      | Offered knowledge of Inner Flame by Vehumet.
  7776 | D:8      | Reached skill level 12 in Spellcasting
  8275 | D:9      | Found a transporter.
  8280 | D:9      | Found a bloodstained altar of Trog.
  8280 | D:9      | Noticed Joey1's ghost (journeyman MiBe)
  8280 | D:9      | Noticed a moth of wrath
  8284 | D:9      | Found a transporter.
  8347 | D:9      | Noticed a troll
  8348 | D:9      | Noticed a tengu warrior
  8361 | D:9      | Noticed a two-headed ogre
  8498 | D:9      | Reached **** piety under Vehumet
  8506 | D:9      | Reached XP level 10. HP: 54/54 MP: 19/28
  8665 | D:9      | Learned a level 5 spell: Freezing Cloud
  8811 | D:9      | Found a sacrificial altar of Ru.
  8908 | D:9      | Offered knowledge of Iskenderun's Battlesphere by Vehumet.
  8917 | D:9      | Learned a level 5 spell: Iskenderun's Battlesphere
  9027 | D:9      | Noticed Joseph
  9038 | D:9      | Killed Joseph
  9039 | D:9      | Reached skill level 13 in Spellcasting
  9039 | D:9      | Reached skill level 1 in Ice Magic
  9346 | D:10     | Entered Level 10 of the Dungeon
  9350 | D:10     | Noticed Fannar
  9365 | D:10     | Killed Fannar
  9387 | D:10     | Found a staircase to the Lair.
  9394 | D:10     | Noticed a gargoyle
  9414 | D:10     | Killed from afar by a gargoyle

Illustrated notes

Levels and vault maps discovered:
D:1:      dpeg_arrival_stonehenge_8_columns, layout_loops_ring,
          minmay_stone_trees_small, minmay_pentomino_q2
D:2:      layout_loops_ring, basic_altar
D:3:      layout_basic, minmay_misc_feat_pillars, grunt_ministairs_2,
          mrwooster_statue_mirror, grunt_decor_mini_mirrors,
          nicolae_grassy_gnolls, uniq_pargi
D:4:      layout_rooms, lemuel_crystal_altar, minmay_temple_entry_large_hall,
          serial_bayou_pond_b, roderic_serpentine_path, nicolae_titane
D:5:      layout_basic, gammafunk_ghost_abyssal_escape
D:6:      layout_basic, kennysheep_little_box, serial_shops, shop,
          nicolae_shop_mannequins
D:7:      layout_basic
D:8:      layout_cave_pools, minmay_crystal_water
D:9:      layout_layer_cave, pf_just_have_faith,
          gammafunk_ghost_wrathful_warriors, minivault_23,
          dreamdust_wishing_well, uniq_joseph
D:10:     layout_cross, minitemple, lair_entry_dummy, orc_0_dummy,
          enter_bailey_3, uniq_lodul, uniq_fannar

Skill      XL: |  1  2  3  4  5  6  7  8  9 10 |
---------------+-------------------------------+-----
Spellcasting   | 5 6 7 8 10 12 13 | 13.5
Fighting       | 1 2 3 |  3.3
Armour         | 1 2 3 |  3.0
Conjurations   | 2 3 4 5 6 7 |  7.6
Dodging        | 3 |  3.0
Stealth        | 3 |  3.0
Shields        | 1 2 3 |  3.1
Poison Magic   | 1 |  1.0
Fire Magic     | 1 3 4 6 |  6.9
Air Magic      | 1 |  1.0
Evocations     | 1 |  1.0
Ice Magic      | 1 |  1.3
Summonings     | |  1.1
Translocations | |  1.1

Action                     |  1- 3 |  4- 6 |  7- 9 | 10-12 || total
---------------------------+-------+-------+-------+-------++-------
  Melee: Dagger            |    17 |       |       |       ||    17
         Whip              |     7 |    56 |    42 |       ||   105
         Punch             |       |       |     1 |       ||     1
   Cast: Magic Dart        |   111 |   116 |   220 |    19 ||   466
         Mephitic Cloud    |     1 |    10 |    23 |     6 ||    40
         Call Imp          |       |     6 |     2 |       ||     8
         Blink             |       |     3 |     1 |     2 ||     6
         Flame Wave        |       |       |    31 |     9 ||    40
         Iskenderun's Batt |       |       |       |     3 ||     3
   Stab: Confused          |     2 |    14 |     6 |       ||    22
         Sleeping          |       |       |     1 |       ||     1
 Armour: Robe              |    18 |    39 |    25 |       ||    82
         Acid dragon scale |       |       |    36 |    12 ||    48
  Dodge: Dodged            |    31 |    45 |   124 |    20 ||   220

Table legend: (Time is in decaauts)
 A = Elapsed time spent in this place.
 B = Non-inter-level travel time spent in this place.
 C = Inter-level travel time spent in this place.
 D = Time resting spent in this place.
 E = Time spent auto-exploring this place.
 F = Levels seen in this place.
 G = Mean time per level.
                   A        B        C        D        E       F      G
               +--------+--------+--------+--------+--------+-----+--------+
         Total |   9434 |   9029 |    405 |    514 |   6939 |  10 |  943.4 |
       Dungeon |   9434 |   9029 |    405 |    514 |   6939 |  10 |  943.4 |
               +--------+--------+--------+--------+--------+-----+--------+

Top non-repeatable levels by time:
     D:1: 1310 daAuts
     D:5: 1268 daAuts
     D:6: 1107 daAuts
     D:9: 1098 daAuts
     D:4: 1094 daAuts
     D:2: 1031 daAuts
     D:7: 969 daAuts
     D:3: 783 daAuts
     D:8: 703 daAuts
    D:10: 67 daAuts
